 Dungeon Crawl Stone Soup version 0.28.0 (webtiles) character file.

Game seed: 3831110223315425868

32 ProzacElf the Digger (level 3, -1/25 HPs)
             Began as a Palentonga Earth Elementalist on Feb 16, 2022.
             Slain by Sigmund (2 damage)
             ... on level 2 of the Dungeon.
             The game lasted 00:04:02 (1527 turns).

ProzacElf the Digger (PaEE)                         Turns: 1527, Time: 00:04:02

Health: -1/25      AC:  4    Str: 17    XL:     3   Next: 8%
Magic:  5/6        EV: 10    Int: 17    God:
Gold:   53         SH:  0    Dex: 10    Spells: 3/6 levels left

rFire   . . .      SeeInvis +   a - +1 dagger (venom)
rCold   . . .      Faith    .   (no shield)
rNeg    . . .      Spirit   .   l - +0 robe
rPois   .          Reflect  .   (no helmet)
rElec   .          Harm     .   (no cloak)
rCorr   .          Rampage  .   (no gloves)
Will    .....                   (no barding)
Stlth   +.........              (no amulet)
HPRegen 0.08/turn               i - +6 ring of strength
MPRegen 0.10/turn               (no ring)

@: flying
A: large, rugged brown scales 3, see invisible, deformed body, roll 1, armoured
tail
a: Rolling Charge


You were on level 2 of the Dungeon.
You visited 1 branch of the dungeon, and saw 2 of its levels.

You collected 53 gold pieces.

Inventory:

Hand Weapons
 a - a +1 dagger of venom (weapon)
 b - a +2 short sword of speed
 g - a +0 whip
 j - a +0 short sword
 o - a +0 mace
Missiles
 c - 31 stones
 e - 22 bolts
 k - 3 poisoned darts (quivered)
 n - 3 javelins
Armour
 l - a +0 robe (worn)
Jewellery
 i - a +6 ring of strength (left hand)
Scrolls
 d - a scroll of noise {unknown}
 h - a scroll of blinking {unknown}
Potions
 m - a potion of haste {unknown}


   Skills:
 + Level 2.3 Dodging
 - Level 1.2 Stealth
 - Level 2.0 Spellcasting
 - Level 1.0 Transmutations
 + Level 3.3 Earth Magic


You had 3 spell levels left.
You knew the following spells:

 Your Spells              Type           Power      Damage    Failure   Level
a - Sandblast             Erth           26%        2d8       4%          1
b - Passwall              Tmut/Erth      7%         N/A       12%         2

Your spell library contained the following spells:

 Spells                   Type           Power      Damage    Failure   Level
 Stone Arrow              Conj/Erth      14%        3d7       28%         3
 Ozocubu's Armour         Ice            1%         N/A       50%         3
 Petrify                  Tmut/Erth      9%         N/A       61%         4
 Ozocubu's Refrigeration  Ice            0%         4d5       100%        7


Dungeon Overview and Level Annotations

Branches:
Dungeon (2/15)

Altars:

Annotations:
D:2 Sigmund


Innate Abilities, Weirdness & Mutations

You are completely covered in rugged brown scales. (AC +3, +7% HP)
You have supernaturally acute eyesight. (SInv)
Armour fits poorly on your strangely shaped body.
You can roll at nearby foes to attack.
You have a long armoured tail.


Message History

Nay target in view!
Nay target in view!
Sigmund tha Dreaded comes inta view. 'e be wieldin' a +0 scytha.
Found a scroll labelled URCHAX HAMED.
Sigmund shouts!
Sigmund casts a spell at ye.
Tha puff o' flame hits ye!
Ye take 8 damage, an' haf 17/25 hp.
MASSIVE DAMAGE!!
Sigmund mumbles some strange words.
Sigmund flickers an' vanishes fer a momn't.
Sigmund laughs darkly.
Castin': Sandblast (safe; 4% risk o' failure) Confirm wit' . or Enter, or press ? or * ta list all spells.
Aimin': Sandblast (safe; 4% risk o' failure)
Press: ? - help, Shift-Dir - straight line, f - hobgoblin
Aim: a hobgoblin (79% ta hit) Tha blast o' sand hits tha hobgoblin.
Tha hobgoblin be almost dead.
c - 31 stones Ye now haf 5/6 mp.
Ye hit tha hobgoblin.
Ye kill tha hobgoblin!
Roll where?
Press: ? - help, Dir - move target, f - Sigmund
Aim: Sigmund, wieldin' a +0 scytha an' wearin' a +0 robe (slightly transparent) Ye roll forward wit' a clatter o' scales!
Ye closely miss Sigmund.
Yer tail-slap misses Sigmund.
Sigmund hits ye wit' a +0 scytha!
Ye take 9 damage, an' haf 9/25 hp.
MASSIVE DAMAGE!!
Ye barely miss Sigmund.
Ye tail-slap Sigmund.
Yer punch misses Sigmund.
Sigmund be lightly wounded.
Ye hit Sigmund.
Sigmund be poison'd.
Sigmund be moderately wounded.
Sigmund hits ye wit' a +0 scytha!
* * * LOW HITPOINT WARNIN'
* * * Ye take 8 damage, an' haf 1/25 hp.
MASSIVE DAMAGE!!
It was a potion o' flight.
Ye feel very buoyant.
Ye fly up inta tha air.
Sigmund hits ye wit' a +0 scytha.
Ye die...

#.#####..# ### .... #...#
#..... ... ##...? #...# #...##
#.###.. .. #...# ##.#
#..#..#... ### ##.## #.#
#....#...
....###.######..########......
.........................@....
........########.....#########
#######.....°@@......#######
#..#######...##........ #.##
###..########### #.# ##.....#
#.# #..###.# #.#####.## #.#
#.......# #.# #.......### #.#
###........# #..


You could see Sigmund (invisible, very poisoned).

Vanquished Creatures
  A dart slug (D:1)
  2 ball pythons (D:1)
  An endoplasm (D:2)
  4 giant cockroaches (D:1)
  A goblin (D:1)
  3 hobgoblins
  A quokka (D:2)
  3 bats
  7 kobolds
  4 rats
27 creatures vanquished.

Notes
Turn   | Place    | Note
-------+----------+-------------------------------------------
     0 | D:1      | ProzacElf the Palentonga Earth Elementalist began the quest
                  | for the Orb.
     0 | D:1      | Reached XP level 1. HP: 13/13 MP: 3/3
   313 | D:1      | Reached skill level 3 in Earth Magic
   600 | D:1      | Reached XP level 2. HP: 20/20 MP: 5/5
   603 | D:1      | Learned a level 2 spell: Passwall
  1329 | D:2      | Reached XP level 3. HP: 17/25 MP: 6/6
  1507 | D:2      | Noticed Sigmund
  1526 | D:2      | HP: 1/25 [Sigmund (8)]
  1527 | D:2      | Slain by Sigmund

Illustrated notes

Levels and vault maps discovered:
D:1:      heliophobic_arrival_glass_houses, layout_basic
D:2:      layout_rooms, ebering_ecumenical_altar_webs, uniq_terence,
          uniq_sigmund

Skill      XL: |  1  2 |
---------------+-------+-----
Earth Magic    | 3 |  3.3
Dodging        | 2 |  2.3
Stealth        | |  1.2
Spellcasting   | |  2.0
Transmutations | |  1.0

Action                   || total
-------------------------++-------
Melee: Mace              ||    21
       Whip              ||     4
       Tailslap          ||     4
       Short sword       ||    19
       Dagger            ||    24
       Punch             ||     1
 Cast: Sandblast         ||     7
 Abil: Rolling Charge    ||     7
  Use: Potion            ||     2
Armor: Robe              ||    20
Dodge: Dodged            ||    32
